 Dungeon Crawl Stone Soup version 0.19.4 (webtiles) character file.

886 Gargoyl the Chopper (level 8, -4/67 HPs)
             Began as a Ghoul Abyssal Knight on Feb 4, 2017.
             Was a Priest of Lugonu.
             Slain by chimenez's ghost (7 damage)
             ... on level 6 of the Dungeon.
             The game lasted 00:10:51 (4253 turns).

Gargoyl the Chopper (Ghoul Abyssal Knight)          Turns: 4253, Time: 00:10:52

Health: -4/67      AC: 13    Str: 16    XL:     8   Next: 5%
Magic:  10/10      EV:  2    Int:  7    God:    Lugonu [***...]
Gold:   268        SH:  9    Dex: 10    Spells: 0 memorised, 7 levels left

rFire  . . .     SeeInvis .     d - +0 broad axe
rCold  + + .     Gourm    .     p - +0 plate armour
rNeg   + + +     Faith    .     e - +1 shield
rPois  ∞         Spirit   .     y - +0 helmet
rElec  .         Reflect  .     (no cloak)
rCorr  .         Harm     .     (no gloves)
MR     +....                    (no boots)
Stlth  ..........               (no amulet)
                                v - ring of protection from cold
                                t - ring of protection from magic

@: rotting
A: rotting body, claws 1, carnivore 3, cold resistance 1, negative energy
resistance 3, slow regeneration 1, torment resistance, unbreathing
a: Depart the Abyss, Bend Space, Banish, Renounce Religion


You were on level 6 of the Dungeon.
You worshipped Lugonu.
Lugonu was most pleased with you.
You were not hungry.

You visited 1 branch of the dungeon, and saw 6 of its levels.
You visited the Abyss 1 time.

You collected 268 gold pieces.

Inventory:

Hand Weapons
 a - a +1 hand axe
 d - a +0 broad axe (weapon)
 h - a +0 trident
 o - a +1 whip of flaming
Armour
 e - a +1 shield (worn)
 p - a +0 plate armour (worn)
 y - a +0 helmet (worn)
Jewellery
 t - a ring of protection from magic (left claw)
 v - a ring of protection from cold (right claw)
Wands
 j - a wand of random effects (5/48)
Scrolls
 f - 2 scrolls of magic mapping
 g - 2 scrolls of recharging
 q - 3 scrolls of identify
 u - a scroll of enchant weapon {unknown}
 w - a scroll of amnesia {unknown}
Potions
 b - a potion of magic {unknown}
 k - a potion of haste
 l - a potion of resistance {unknown}
 m - 2 potions of berserk rage {unknown}
 n - a potion of flight {unknown}
 x - a potion of cancellation {unknown}
 z - a potion of curing {unknown}
 A - 2 potions of lignification {unknown}
Books
 s - a book of Beasts

   Spells                             Type                      Level
   a - Summon Butterflies             Summoning                    1
   b - Call Canine Familiar           Summoning                    3
   c - Summon Ice Beast               Ice/Summoning                4
   d - Summon Mana Viper              Hexes/Summoning              5
   e - Summon Hydra                   Summoning                    7
Comestibles
 c - 5 meat rations


   Skills:
 + Level 4.3 Fighting
 + Level 4.7 Axes
 * Level 4.1 Armour
 + Level 1.1 Dodging
 + Level 2.8 Shields
 * Level 4.7 Invocations


You had 7 spell levels left.
You didn't know any spells.

Dungeon Overview and Level Annotations

Branches:
Dungeon (6/15)
 Temple: D:4-7

Altars:
Fedhas
Nemelex Xobeh
Trog

Shops:
D:5 [=[

Annotations:
D:6 chimenez's ghost, novice GrFi


Innate Abilities, Weirdness & Mutations

Your body is rotting away.
You thrive on raw meat.
You are immune to poison.
You have sharp fingernails.
You are carnivorous and can eat meat at any time.
Your flesh is cold resistant. (rC+)
You are immune to negative energy. (rN+++)
You regenerate slowly when monsters are visible.
You are immune to unholy pain and torment.
You can survive without breathing.


Message History

Chimenez's ghost hits you but does no damage.
Chimenez's ghost hits you.
* * * LOW HITPOINT WARNING * * *
You feel much better. Chimenez's ghost hits you!
* * * LOW HITPOINT WARNING * * *
You hit chimenez's ghost but do no damage.
Chimenez's ghost is almost destroyed.
Chimenez's ghost hits you!
* * * LOW HITPOINT WARNING * * *
Chimenez's ghost hits you!
* * * LOW HITPOINT WARNING * * *
You closely miss chimenez's ghost.
Chimenez's ghost is almost destroyed.
Chimenez's ghost hits you but does no damage.
Your shield and plate armour prevent you from hitting chimenez's ghost.
Chimenez's ghost is almost destroyed.
Chimenez's ghost hits you.
* * * LOW HITPOINT WARNING * * *
Chimenez's ghost hits you!
You die...

#...(.........#
#.##.##.#######
#.##.##.#
#.##.##.#
#.##.##.#
#.##.##.# .
#.......## ...
####.#...####.....
#......@W'....(
###...####.....
##.## ... #.# .
#.# #.# #.# #.#
#.#


You could see chimenez's ghost.

Vanquished Creatures
  Menkaure (D:5)
  A water moccasin (D:4)
  An ice beast (D:5)
  An ogre (D:5)
  The ghost of luab the Grave Robber, an amateur DsNe (D:3)
  A scorpion (D:4)
  A crimson imp (D:5)
  A jelly (D:5)
  A hound (D:5)
  2 bullfrog skeletons
  2 worker ants
  An iguana (D:5)
  3 adders
  A howler monkey skeleton (D:4)
  A shadow imp (D:5)
  An adder skeleton (D:4)
  A worm (D:2)
  A dart slug (D:4)
  4 leopard geckos
  8 orcs
  5 giant cockroaches
  8 goblins
  7 hobgoblins
  10 jackals
  A ball python (D:2)
  14 bats
  7 frilled lizards
  3 kobolds
  9 rats
98 creatures vanquished.

Notes
Turn   | Place    | Note
-------+----------+-------------------------------------------
     0 | Abyss:1  | Gargoyl the Ghoul Abyssal Knight began the quest for the Orb.
     0 | Abyss:1  | Reached XP level 1. HP: 19/19 MP: 1/1
    61 | Abyss:3  | Noticed a tentacled starspawn
    80 | Abyss:3  | Noticed an ancient zyme
    93 | Abyss:3  | Noticed an eidolon
    94 | D:1      | Escaped the Abyss
   101 | D:1      | Reached skill level 1 in Dodging
   106 | D:1      | Reached * piety under Lugonu
   166 | D:1      | Reached XP level 2. HP: 22/26 MP: 2/2
   634 | D:1      | Reached XP level 3. HP: 31/31 MP: 3/3
  1322 | D:2      | Reached ** piety under Lugonu
  1516 | D:2      | Found a sparkling altar of Nemelex Xobeh.
  2039 | D:3      | Reached XP level 4. HP: 36/40 MP: 4/4
  2125 | D:3      | Reached skill level 1 in Shields
  2336 | D:3      | Noticed luab's ghost (amateur DsNe)
  2374 | D:3      | Killed luab's ghost
  2374 | D:3      | Reached XP level 5. HP: 46/46 MP: 6/6
  2569 | D:3      | Found a faded altar of an unknown god.
  2569 | D:3      | Found a faded altar of an unknown god.
  2595 | D:3      | Found a faded altar of an unknown god.
  2597 | D:3      | Found a faded altar of an unknown god.
  2598 | D:3      | Found a bloodstained altar of Trog.
  2940 | D:4      | Reached XP level 6. HP: 32/51 MP: 7/7
  3448 | D:4      | Noticed a water moccasin
  3489 | D:4      | Killed a water moccasin
  3624 | D:5      | Entered Level 5 of the Dungeon
  3636 | D:5      | Reached *** piety under Lugonu
  3672 | D:5      | Reached XP level 7. HP: 58/59 MP: 8/8
  3727 | D:5      | Found a blossoming altar of Fedhas.
  3844 | D:5      | Found Siseum's Armour Shop.
  3866 | D:5      | Found Nogh's Jewellery Boutique.
  3946 | D:5      | Found Tuifod's Armour Emporium.
  3947 | D:5      | Noticed Menkaure
  3953 | D:5      | Killed Menkaure
  4000 | D:5      | Reached XP level 8. HP: 40/65 MP: 10/10
  4228 | D:6      | Noticed chimenez's ghost (novice GrFi)
  4253 | D:6      | HP: 3/67 [chimenez's ghost (4)]
  4253 | D:6      | Slain by chimenez's ghost

Skill      XL: |  1  2  3  4  5  6  7 |
---------------+----------------------+-----
Dodging        | 1 |  1.1
Armour         | 2 3 4 |  4.1
Axes           | 2 3 4 |  4.7
Shields        | 1 2 |  2.8
Fighting       | 4 |  4.3
Invocations    | 3 4 |  4.7

Action                   |  1- 3 |  4- 6 |  7- 9 || total
-------------------------+-------+-------+-------++-------
Melee: Broad axe         |   157 |   295 |    96 ||   548
Throw: Tomahawk          |     2 |     1 |       ||     3
       Javelin           |       |       |     6 ||     6
Invok: Depart the Abyss  |     1 |       |       ||     1
  Use: Scroll            |     8 |     3 |       ||    11
       Potion            |       |     5 |     1 ||     6
  Eat: Chunk             |    11 |    13 |     4 ||    28
Armor: Leather armour    |    19 |       |       ||    19
       Ring mail         |    59 |       |       ||    59
       Plate armour      |    78 |   305 |    73 ||   456
Dodge: Dodged            |    54 |    31 |     9 ||    94
Block: Shield            |    77 |   202 |    50 ||   329
